 Dungeon Crawl Stone Soup version 0.31-a0-699-g830162fb6c (webtiles) character file.

Game seed: 5369612643218238305

1568 qw the Skirmisher (level 8, -6/52 HPs)
             Began as a Gargoyle Hunter on Sept 7, 2023.
             Was an Initiate of Okawaru.
             Killed from afar by Maggie (10 damage)
             ... with a bolt of fire
             ... on level 6 of the Dungeon.
             The game lasted 00:01:44 (3959 turns).

qw the Skirmisher (Gargoyle Hunter)                 Turns: 3959, Time: 00:01:44

Health: -6/52      AC: 12    Str: 15    XL:     8   Next: 90%
Magic:  8/8        EV: 12    Int: 10    God:    Okawaru [......]
Gold:   164        SH:  0    Dex: 15    Spells: 7/7 levels left

rFire   + . .        Y - +3 shortbow
rCold   + . .        (shield currently unavailable)
rNeg    + . .        e - +2 leather armour {rF+}
rPois   inf          (no helmet)
rElec   +            (no cloak)
rCorr   .            k - +0 pair of gloves
SInv    .            (no boots)
Will    .....        (no amulet)
Stlth   ++           l - ring of protection from cold
HPRegen 0.28/turn    (no ring)
MPRegen 0.11/turn

%: no passive effects
@: no status effects
A: sickness immunity, AC +5, negative energy resistance 1, electricity
resistance, torment resistance 1, petrification resistance
a: Renounce Religion


You were on level 6 of the Dungeon.
You worshipped Okawaru.
Okawaru was noncommittal.
You visited 2 branches of the dungeon, and saw 7 of its levels.

You collected 246 gold pieces.
You spent 82 gold pieces at shops.


Innate Abilities, Weirdness & Mutations

You are immune to sickness and miasma.
Your stone body is resilient. (AC +5)
You are immune to poison.
You resist negative energy. (rN+)
You are resistant to electric shocks. (rElec)
You are resistant to unholy torment.
You are immune to petrification.


   Skills:
 - Level 6.3 Fighting
 + Level 9.7 Ranged Weapons
 - Level 2.7 Armour
 - Level 2.0 Dodging
 - Level 1.1 Stealth


You had 7 spell levels left.
You didn't know any spells.
Your spell library was empty.

Inventory:

Hand Weapons
 Y - a +3 shortbow (weapon)
Armour
 e - a +2 leather armour of fire resistance (worn)
 k - a +0 pair of gloves (worn)
Jewellery
 l - a ring of protection from cold (left hand)
Scrolls
 a - 2 scrolls of identify
Potions
 b - a potion of enlightenment
 c - a potion of heal wounds {unknown}
 h - 2 potions of curing

Dungeon Overview and Level Annotations

Branches:
Dungeon (6/15)             Temple (1/1) D:5

Altars:
Ashenzari
Cheibriados
Dithmenos
Elyvilon
Fedhas
Gozag
Hepliaklqana
Kikubaaqudgha
Nemelex Xobeh
Okawaru
Ru
Sif Muna
Trog
Vehumet
Xom
The Shining One

Shops:
D:3 [?*[

Annotations:
D:3 1 runed translucent door, Crazy Yiuf
D:6 Maggie


Message History

You shoot an arrow. The arrow hits Maggie.
Maggie is moderately wounded.
Maggie gestures wildly while chanting.
Maggie attempts to bespell you!
You are mesmerised by Maggie!
You shoot an arrow. The arrow hits Maggie.
Maggie is heavily wounded.
Maggie completely misses you.
You shoot an arrow. The arrow hits Maggie.
Maggie is heavily wounded.
Maggie hits you with a +2 war axe of draining!
You shoot an arrow. The arrow hits Maggie.
Maggie is heavily wounded.
Maggie hits you with a +2 war axe of draining.
You shoot an arrow. The arrow barely misses Maggie.
Maggie hits you with a +2 war axe of draining!
You shoot an arrow. The arrow completely misses Maggie.
You shoot an arrow. The arrow hits Maggie.
Maggie is heavily wounded.
Maggie closely misses you.
You shoot an arrow.
The arrow hits Maggie but does no damage.
Maggie is heavily wounded.
Maggie hits you with a +2 war axe of draining.
You shoot an arrow. The arrow hits Maggie.
Maggie is severely wounded.
Maggie closely misses you.
You shoot an arrow. The arrow closely misses Maggie.
Maggie hits you with a +2 war axe of draining.
You shoot an arrow. The arrow hits Maggie.
Maggie is severely wounded.
You break out of your daze.
Maggie barely misses you.
You shoot an arrow. The arrow closely misses Maggie.
Maggie barely misses you.
You shoot an arrow. The arrow hits Maggie.
Maggie is severely wounded.
Maggie gestures at you while chanting. The bolt of fire hits you! You resist.
You die...

#.#+#.... #........
#....... # ......# #
#. .....###.# #.#..
#.#..... .....###
#.#..# #..... #.@@.#
#.....
#.#..#.......#[....
######..#.......#.###.
#.......#..._...^.....
#.####..#.......#.....
#.......#.......#.....
#######.# ..... #.####
#.####^####.....
#...............


You could see Maggie.

Vanquished Creatures
  Pikel (D:4)
  Sigmund (D:2)
  Duvessa (D:4)
  An ice beast (D:5)
  A lemure (D:4)
  A phantom (D:5)
  2 necrophages (D:4)
  A wight (D:4)
  Dowan (D:4)
  A howler monkey (D:5)
  A human zombie (D:4)
  A jelly (D:5)
  A gnoll bouda (D:5)
  2 scorpion zombies (D:4)
  An orc wizard (D:6)
  An iguana (D:5)
  A hound zombie (D:4)
  A mummy (D:4)
  6 gnolls
  9 adders
  3 adder zombies (D:4)
  2 worms
  4 dart slugs
  7 orcs
  7 ball pythons
  3 bats
  4 endoplasms
  3 goblins
  7 hobgoblins
  4 quokkas
  6 frilled lizards
  5 kobolds
  A quokka zombie (D:4)
  2 rats
93 creatures vanquished.

Notes
Turn   | Place    | Note
-------+----------+-------------------------------------------
     0 | D:1      | qw the Gargoyle Hunter began the quest for the Orb.
     0 | D:1      | Reached XP level 1. HP: 12/12 MP: 1/1
     0 | D:1      | 0 ||| qw: Version: 0.3-a-76-g4403597
     0 | D:1      | 0 ||| qw: Game counter: 414
     0 | D:1      | 0 ||| qw: Melee chars always use a shield: true
     0 | D:1      | 0 ||| qw: God list: Okawaru
     0 | D:1      | 0 ||| qw: Allow faded altars: false
     0 | D:1      | 0 ||| qw: Do Orc after clearing Dungeon:15 true
     0 | D:1      | 0 ||| qw: Do second Lair branch before Depths: true
     0 | D:1      | 0 ||| qw: Lair rune preference: random
     0 | D:1      | 0 ||| qw: Goals: Normal
     0 | D:1      | 0 ||| PLANNING D:1-11
   186 | D:1      | Reached XP level 2. HP: 17/17 MP: 2/2
   597 | D:1      | 597 ||| UPGRADING to +0 ring mail.
   607 | D:1      | 607 ||| DROPPING +0 leather armour.
   608 | D:1      | 608 ||| UPGRADING to +0 pair of gloves.
   613 | D:1      | 613 ||| DROPPING +6 ring of intelligence.
   614 | D:1      | 614 ||| UPGRADING to ring of protection from cold.
   615 | D:1      | 615 ||| READING scroll labelled VIMPOROHUN.
   616 | D:1      | 616 ||| READING scroll labelled QYODOSKE DOYM.
   617 | D:1      | 617 ||| DRINKING 3 viscous coppery potions.
   722 | D:1      | 722 ||| DROPPING scroll of butterflies.
   723 | D:1      | 723 ||| DROPPING 2 potions of berserk rage.
   757 | D:2      | Reached XP level 3. HP: 21/21 MP: 3/3
   784 | D:2      | Reached skill level 1 in Armour
   796 | D:2      | Reached skill level 5 in Ranged Weapons
   820 | D:2      | Noticed Sigmund
   821 | D:2      | 821 ||| FLEEEEING.
   822 | D:2      | 822 ||| FLEEEEING.
   823 | D:2      | 823 ||| FLEEEEING.
   824 | D:2      | 824 ||| FLEEEEING.
   849 | D:2      | Killed Sigmund
   850 | D:2      | Reached XP level 4. HP: 15/31 MP: 4/4
   850 | D:2      | Reached XP level 5. HP: 17/35 MP: 5/5
  1046 | D:2      | Reached XP level 6. HP: 40/40 MP: 6/6
  1266 | D:2      | 1266 ||| READING scroll labelled IKLYLO XONTU.
  1267 | D:2      | 1267 ||| READING scroll labelled ODOYHO CUZAI.
  1268 | D:2      | 1268 ||| READING scroll labelled CAGGENNAKY.
  1290 | D:3      | Found a hazy altar of Hepliaklqana.
  1315 | D:3      | Found Taoggiergh's Armour Emporium.
  1326 | D:3      | 1326 ||| SHOPLISTING +0 leather armour of fire resistance
                  | (90 gold, have 89).
  1326 | D:3      | 1326 ||| SHOPLISTING +2 robe "Hisycin" {rC+} (247 gold,
                  | have 89).
  1364 | D:3      | Found Hahy's Magic Scroll Emporium.
  1372 | D:3      | 1372 ||| BUYING scroll of enchant weapon (82 gold).
  1372 | D:3      | Bought a scroll of enchant weapon for 82 gold pieces
  1372 | D:3      | 1372 ||| SHOPLISTING scroll of identify (22 gold, have 7).
  1372 | D:3      | 1372 ||| READING scroll of enchant weapon.
  1372 | D:3      | 1372 ||| ENCHANTING +1 shortbow.
  1411 | D:3      | Found Biwn's General Store.
  1414 | D:3      | Found Sioc's Armour Boutique.
  1418 | D:3      | 1418 ||| SHOPLISTING potion of might (40 gold, have 7).
  1418 | D:3      | 1418 ||| SHOPLISTING scroll of enchant weapon (75 gold,
                  | have 7).
  1424 | D:3      | 1424 ||| SHOPLISTING +0 pair of boots of flying (126 gold,
                  | have 7).
  1424 | D:3      | 1424 ||| SHOPLISTING +4 skin of Zhor {*Englaciate rC+++
                  | SInv} (731 gold, have 7).
  1424 | D:3      | 1424 ||| SHOPLISTING +5 leather armour of Muexopih {Int+2}
                  | (420 gold, have 7).
  1584 | D:3      | Found an opulent altar of Gozag.
  1663 | D:3      | Found a shimmering blue altar of Sif Muna.
  1944 | D:3      | Found a runed translucent door.
  1945 | D:3      | Noticed Crazy Yiuf
  1948 | D:3      | 1948 ||| DROPPING amulet of magic regeneration.
  1949 | D:3      | 1949 ||| DRINKING 2 lumpy brown potions.
  2149 | D:4      | Reached skill level 6 in Ranged Weapons
  2300 | D:4      | Reached XP level 7. HP: 31/44 MP: 7/7
  2362 | D:4      | Reached skill level 7 in Ranged Weapons
  2372 | D:4      | Found an ancient bone altar of Kikubaaqudgha.
  2572 | D:4      | Noticed Pikel
  2573 | D:4      | 2573 ||| RETREATING.
  2580 | D:4      | 2580 ||| Stepping ~*~*~tactically~*~*~ (retreating).
  2599 | D:4      | Killed Pikel
  2600 | D:4      | Reached skill level 9 in Ranged Weapons
  2600 | D:4      | Reached XP level 8. HP: 34/49 MP: 8/8
  2626 | D:4      | 2626 ||| FLEEEEING.
  2627 | D:4      | 2627 ||| FLEEEEING.
  2628 | D:4      | 2628 ||| FLEEEEING.
  2632 | D:4      | 2632 ||| FLEEEEING.
  2637 | D:4      | 2637 ||| FLEEEEING.
  2638 | D:4      | 2638 ||| FLEEEEING.
  2639 | D:4      | 2639 ||| FLEEEEING.
  2678 | D:4      | 2678 ||| READING scroll of enchant weapon.
  2678 | D:4      | 2678 ||| ENCHANTING +2 shortbow.
  2754 | D:4      | Noticed Duvessa
  2755 | D:4      | Noticed Dowan
  2766 | D:4      | Killed Duvessa
  2771 | D:4      | Killed Dowan
  3110 | D:4      | 3110 ||| UPGRADING to +2 leather armour of fire resistance.
  3120 | D:4      | 3120 ||| DROPPING +0 ring mail.
  3121 | D:4      | 3121 ||| READING scroll labelled KEGAUBYL ZUIF.
  3122 | D:4      | 3122 ||| READING scroll labelled NIMMODY OPYM.
  3123 | D:4      | 3123 ||| READING 2 scrolls of identify.
  3123 | D:4      | 3123 ||| IDENTIFYING sedimented cyan potion
  3124 | D:4      | 3124 ||| DROPPING potion of invisibility.
  3156 | D:5      | Entered Level 5 of the Dungeon
  3308 | D:5      | Reached skill level 6 in Fighting
  3499 | D:5      | Found a shimmering altar of Xom.
  3536 | D:5      | Found a staircase to the Ecumenical Temple.
  3537 | D:5      | 3537 ||| PLANNING TEMPLE
  3545 | Temple   | Entered the Ecumenical Temple
  3546 | Temple   | 3546 ||| PLANNING OKAWARU WORSHIP
  3564 | Temple   | Became a worshipper of Warmaster Okawaru
  3565 | Temple   | 3565 ||| PLANNING D:1-11
  3766 | D:5      | 3766 ||| READING scroll labelled ZIUS TOVAK.
  3767 | D:5      | 3767 ||| READING 3 scrolls of identify.
  3767 | D:5      | 3767 ||| IDENTIFYING orange potion
  3832 | D:6      | 3832 ||| Stepping ~*~*~tactically~*~*~ (outnumbered).
  3834 | D:6      | 3834 ||| Stepping ~*~*~tactically~*~*~ (outnumbered).
  3922 | D:6      | Found a sacrificial altar of Ru.
  3937 | D:6      | Noticed Maggie
  3951 | D:6      | HP: 11/52 [Maggie/+2 war axe of draining (15)]
  3956 | D:6      | HP: 3/52 [Maggie/+2 war axe of draining (6)]
  3959 | D:6      | Killed from afar by Maggie

Levels and vault maps discovered:
D:1:      mushboom_english_gardens, layout_basic
D:2:      layout_rooms, uniq_sigmund
D:3:      layout_loops_ring, nicolae_gozag_seed_capital,
          nicolae_overflow_crystal_walls, mainiacjoe_overflow_catwalk,
          serial_shops, shop, shop, shop, shop, uniq_crazy_yiuf_cottage
D:4:      layout_basic, lemuel_mausoleum_altar_kikubaaqudgha, uniq_duvessa,
          uniq_pikel
D:5:      layout_basic, mainiacjoe_overflow_six_doors_small,
          minmay_temple_entry_offerings
D:6:      layout_basic, lemuel_tele_altar, zin_purify, uniq_edmund, uniq_maggie,
          uniq_menkaure
Temple:   hellmonk_temple_beads

Skill      XL: |  1  2  3  4  5  6  7  8 |
---------------+-------------------------+-----
Armour         | 1 2 |  2.7
Ranged Weapons | 5 6 9 |  9.7
Fighting       | 5 6 |  6.3
Dodging        | 2 |  2.0
Stealth        | |  1.1

Action                     |  1- 3 |  4- 6 |  7- 9 || total
---------------------------+-------+-------+-------++-------
   Fire: Shortbow          |    96 |   118 |   196 ||   410
    Use: Scroll            |     2 |     4 |     6 ||    12
         Potion            |     1 |     1 |       ||     2
 Armour: Leather armour    |    14 |       |    27 ||    41
         Ring mail         |    13 |    38 |    57 ||   108
  Dodge: Dodged            |    24 |    33 |    63 ||   120

Table legend:
 A = Non-vault XP
 B = Vault XP
 C = Vault XP percentage of total XP
 D = Non-vault monster count
 E = Vault monster count
 F = Vault count percentage of total count
                 A         B        C        D         E       F
            +---------+---------+-------+---------+---------+-------
      Total |     753 |    1488 |  66.4 |      76 |      16 |  17.4
            +---------+---------+-------+---------+---------+-------
        D:1 |      33 |       0 |   0.0 |      17 |       0 |   0.0
        D:2 |      72 |     239 |  76.8 |      20 |       1 |   4.8
        D:3 |      67 |       0 |   0.0 |      14 |       0 |   0.0
        D:4 |      49 |    1249 |  96.2 |       7 |      15 |  68.2
        D:5 |     488 |       0 |   0.0 |      14 |       0 |   0.0
        D:6 |      44 |       0 |   0.0 |       4 |       0 |   0.0
            +---------+---------+-------+---------+---------+-------
